 Dungeon Crawl Stone Soup version 0.28-a0-194-g42b4daccc1 (webtiles) character file.

Game seed: 16661009648591367018

1743 pokeman the Thaumaturge (level 8, 0/44 HPs)
             Began as a Deep Elf Hedge Wizard on Aug 18, 2021.
             Slain by Maggie (17 damage)
             ... on level 6 of the Dungeon.
             The game lasted 00:14:59 (6374 turns).

pokeman the Thaumaturge (Deep Elf Hedge Wizard)     Turns: 6374, Time: 00:15:00

Health: 0/44       AC:  4    Str:  7    XL:     8   Next: 77%
Magic:  12/23      EV: 12    Int: 22    God:
Gold:   307        SH:  0    Dex: 14    Spells: 10/26 levels left

rFire   . . .      SeeInvis +   w - +4 scythe (venom)
rCold   . . .      Faith    .   (shield currently unavailable)
rNeg    . . .      Spirit   .   y - +0 leather armour
rPois   .          Reflect  .   n - +0 helmet
rElec   .          Harm     .   (no cloak)
rCorr   .          Rampage  .   (no gloves)
Will    .....                   (no boots)
Stlth   ++........              (no amulet)
HPRegen 0.14/turn               D - ring of see invisible
MPRegen 0.18/turn               (no ring)

@: no status effects
A: no striking features
a: no special abilities


You were on level 6 of the Dungeon.
You visited 1 branch of the dungeon, and saw 6 of its levels.

You collected 307 gold pieces.

Inventory:

Hand Weapons
 r - a +0 shortbow
 w - a +4 scythe of venom (weapon)
 C - a +0 whip of electrocution
Missiles
 a - 14 bolts
 f - 82 arrows
Armour
 n - a +0 helmet (worn)
 y - a +0 leather armour (worn)
Jewellery
 z - a ring of ice
 D - a ring of see invisible (left hand)
Wands
 t - a wand of polymorph (4)
 v - a wand of flame (13)
Scrolls
 b - 2 scrolls of summoning {unknown}
 d - 2 scrolls of amnesia {unknown}
 g - 2 scrolls of noise {unknown}
 h - a scroll of blinking {unknown}
 i - 2 scrolls of fear {unknown}
 j - 4 scrolls of teleportation {unknown}
 o - a scroll of acquirement {unknown}
 q - 2 scrolls of identify {unknown}
 B - a scroll of immolation {unknown}
 F - a scroll of magic mapping {unknown}
Potions
 c - a potion of magic {unknown}
 e - 4 potions of attraction {unknown}
 k - 3 potions of haste {unknown}
 l - a potion of lignification {unknown}
 m - a potion of flight {unknown}
 p - a potion of heal wounds {unknown}
 s - a potion of ambrosia {unknown}
 u - a potion of might {unknown}
 x - 2 potions of curing
 A - 2 potions of degeneration {unknown}
 E - a potion of mutation {unknown}


   Skills:
 - Level 2.0 Fighting
 + Level 2.4 Armour
 - Level 3.0 Dodging
 - Level 3.3 Stealth
 * Level 9.9 Spellcasting
 + Level 6.4 Conjurations
 - Level 1.1 Summonings
 - Level 1.1 Translocations
 + Level 4.0 Fire Magic
 - Level 1.2 Air Magic
 - Level 1.0 Poison Magic
 - Level 1.0 Evocations


You had 10 spell levels left.
You knew the following spells:

 Your Spells              Type           Power      Damage    Failure   Level
a - Magic Dart            Conj           100%       1d8       1%          1
b - Mephitic Cloud        Conj/Pois/Air  23%        N/A       8%          3
c - Call Imp              Summ           15%        N/A       9%          2
d - Blink                 Tloc           N/A        N/A       9%          2
e - Conjure Flame         Conj/Fire      34%        6-21      3%          3
f - Lightning Bolt        Conj/Air       14%        1d27      45%         5

Your spell library contained the following spells:

 Spells                   Type           Power      Damage    Failure   Level
 Slow                     Hex            10%        N/A       14%         2
 Airstrike                Air            8%         N/A       45%         4
 Summon Lightning Spire   Summ/Air       16%        N/A       47%         4


Dungeon Overview and Level Annotations

Branches:
Dungeon (6/15)
 Temple: D:4-7

Altars:
Kikubaaqudgha

Annotations:
D:3 2 transporters, pokeman's ghost, weakling DEWz
D:6 Maggie


Message History

You are no longer entranced.
Casting: Magic Dart (safe; 1% risk of failure)
Confirm with . or Enter, or press ? or * to list all spells.
The fire begins to smoulder!
The fire ignites!
Casting: Conjure Flame (dangerous; 3% risk of failure)
Confirm with . or Enter, or press ? or * to list all spells.
The fire begins to smoulder!
The fire ignites!
Casting: Conjure Flame (dangerous; 3% risk of failure)
Confirm with . or Enter, or press ? or * to list all spells.
Aiming: Mephitic Cloud (dangerous; 8% risk of failure)
Press: ? - help, Shift-Dir - straight line, f/p - Maggie
Aim: Maggie, wielding a +0 morningstar and wearing +0 steam dragon scales (lightly wounded, chance to affect: 77%)
The ball explodes into a vile cloud!
The stinking cloud engulfs Maggie but does no damage.
Maggie is lightly wounded.
Maggie is engulfed in noxious fumes.
Maggie appears confused.
Unknown command.
Unknown command.
Casting: Mephitic Cloud (dangerous; 8% risk of failure)
Confirm with . or Enter, or press ? or * to list all spells.
The fire begins to smoulder!
Maggie looks very confused.
Unknown command.
The fire ignites!
Reach: w) +4 scythe (venom)
Press: ? - help, Dir - move target, f/p - Maggie
Aim: Maggie, wielding a +0 morningstar and wearing +0 steam dragon scales (lightly wounded, confused, about 24% to evade your +4 scythe of venom)
You reach to attack!
You hit Maggie but do no damage.
Maggie is poisoned.
Maggie is lightly wounded.
Maggie is engulfed in blazing flames.
Maggie hits you with a +0 morningstar.
Unknown command.
Reach: w) +4 scythe (venom)
Press: ? - help, Dir - move target, f/p - Maggie
Aim: Maggie, wielding a +0 morningstar and wearing +0 steam dragon scales (flame, lightly wounded, confused, very poisoned, about 24% to evade your +4 scythe of venom)
You hit Maggie.
Maggie looks as sick as possible!
Maggie is moderately wounded.
Maggie is engulfed in blazing flames.
Maggie hits you with a +0 morningstar!
You die...

#.....# #.....#
....#.....# ...#.....#
.. ..#.....#..@.
##########.##........#
##..#....##.##..#######
...............§@#
..............§@#
................#
...##...##......#
...##...##......#
.........###+#####
.........##...####.
...................
...................
....##...##........


You could see Maggie (confused, extremely poisoned).

Vanquished Creatures
  Pikel (D:5)
  Sigmund (D:4)
  Edmund (D:4)
  A black bear (D:5)
  An ogre (D:4)
  A necrophage (D:5)
  2 phantoms
  A lemure (D:5)
  A bullfrog (D:6)
  A kobold brigand (D:3)
  A scorpion (D:5)
  A jelly (D:5)
  A hound (D:6)
  3 orc priests
  A centaur skeleton (D:6)
  2 iguanas
  2 hound skeletons
  4 adders
  An ufetubus (D:3)
  3 adder skeletons (D:4)
  2 worms
  8 orcs
  10 ball pythons
  7 bats
  7 endoplasms
  A giant cockroach (D:1)
  A goblin (D:3)
  6 hobgoblins
  5 jackals
  8 kobolds
  3 quokkas
  5 frilled lizards
  6 rats
99 creatures vanquished.

Vanquished Creatures (collateral kills)
  A worm (D:3)
1 creature vanquished.

Vanquished Creatures (others)
  A plant (D:4)
1 creature vanquished.

Grand Total: 101 creatures vanquished

Notes
Turn   | Place    | Note
-------+----------+-------------------------------------------
     0 | D:1      | pokeman the Deep Elf Hedge Wizard began the quest for the
                  | Orb.
     0 | D:1      | Reached XP level 1. HP: 10/10 MP: 7/7
   366 | D:1      | Found a faded altar of an unknown god.
   472 | D:1      | Reached XP level 2. HP: 15/15 MP: 7/9
  1010 | D:2      | You fall into a shaft and drop 1 floor!
  1031 | D:3      | Noticed a kobold brigand
  1165 | D:2      | Reached skill level 5 in Spellcasting
  1224 | D:2      | Reached XP level 3. HP: 20/20 MP: 3/11
  1228 | D:2      | Learned a level 3 spell: Mephitic Cloud
  1231 | D:2      | Learned a level 2 spell: Call Imp
  1234 | D:2      | Learned a level 2 spell: Blink
  1238 | D:2      | Learned a level 3 spell: Conjure Flame
  1630 | D:2      | Reached skill level 1 in Armour
  2143 | D:2      | Reached skill level 1 in Fighting
  2589 | D:3      | Reached XP level 4. HP: 12/25 MP: 4/13
  3004 | D:3      | Found a transporter.
  3007 | D:3      | Noticed pokeman's ghost (weakling DEWz)
  3036 | D:3      | Found a transporter.
  3095 | D:3      | Killed a kobold brigand
  3096 | D:3      | Reached skill level 6 in Spellcasting
  3096 | D:3      | Reached skill level 1 in Fire Magic
  3096 | D:3      | Reached XP level 5. HP: 29/29 MP: 4/15
  3178 | D:3      | Learned a level 5 spell: Lightning Bolt
  3653 | D:4      | Noticed an ogre
  3675 | D:4      | Killed an ogre
  3676 | D:4      | Reached skill level 1 in Air Magic
  3676 | D:4      | Reached XP level 6. HP: 34/34 MP: 1/17
  4036 | D:4      | Noticed Sigmund
  4049 | D:4      | Killed Sigmund
  4067 | D:4      | Noticed Edmund
  4080 | D:4      | Killed Edmund
  4081 | D:4      | Reached skill level 7 in Spellcasting
  4081 | D:4      | Reached skill level 5 in Conjurations
  4081 | D:4      | Reached skill level 1 in Poison Magic
  4081 | D:4      | Reached skill level 1 in Evocations
  4081 | D:4      | Reached XP level 7. HP: 38/38 MP: 6/19
  4752 | D:4      | Found an ancient bone altar of Kikubaaqudgha.
  5060 | D:5      | Entered Level 5 of the Dungeon
  5143 | D:5      | Reached skill level 8 in Spellcasting
  5572 | D:5      | Noticed Pikel
  5579 | D:5      | Killed Pikel
  5580 | D:5      | Reached skill level 9 in Spellcasting
  5580 | D:5      | Reached XP level 8. HP: 13/44 MP: 19/23
  6360 | D:6      | Noticed Maggie
  6374 | D:6      | Slain by Maggie

Illustrated notes

Levels and vault maps discovered:
D:1:      co_arrival_random_square_maze, layout_basic,
          dreamdust_ecumenical_altar_statues
D:2:      layout_basic
D:3:      layout_rooms, gammafunk_ghost_stat_death, minmay_box_of_dots
D:4:      cheibrodos_quashed, layout_basic, lemuel_coloured_pillars_altar,
          hangedman_feature_mirror, hangedman_decor_growths,
          sigmund_edmund_badplayer
D:5:      layout_basic, serial_rivers, chequers_serial_rivers_micro_e,
          chequers_serial_rivers_micro_a, chequers_serial_rivers_marsh,
          chequers_serial_rivers_small_a, chequers_serial_rivers_micro_e,
          uniq_pikel
D:6:      layout_gridville, okawaru_metal_pillars_3,
          minmay_temple_entry_mini_moons, grunt_ministairs_1,
          minmay_misc_feat_rugged, uniq_maggie

Skill      XL: |  1  2  3  4  5  6  7  8 |
---------------+-------------------------+-----
Spellcasting   | 5 6 7 9 |  9.9
Armour         | 1 2 |  2.4
Fighting       | 1 2 |  2.0
Conjurations   | 2 3 5 6 |  6.4
Dodging        | 3 |  3.0
Fire Magic     | 1 3 4 |  4.0
Stealth        | 3 |  3.3
Air Magic      | 1 |  1.2
Poison Magic   | 1 |  1.0
Evocations     | 1 |  1.0
Summonings     | |  1.1
Translocations | |  1.1

Action                   |  1- 3 |  4- 6 |  7- 9 || total
-------------------------+-------+-------+-------++-------
Melee: Dagger            |     4 |     6 |       ||    10
       Whip              |       |     8 |       ||     8
       Scythe            |       |     3 |    35 ||    38
 Cast: Magic Dart        |   123 |    50 |    71 ||   244
       Mephitic Cloud    |       |     7 |     6 ||    13
       Conjure Flame     |       |     6 |     8 ||    14
       Call Imp          |       |     5 |     2 ||     7
       Blink             |       |     1 |     2 ||     3
 Stab: Confused          |       |     1 |       ||     1
       Sleeping          |       |       |     1 ||     1
Armor: Robe              |     2 |     2 |       ||     4
       Leather armour    |       |       |     6 ||     6
Dodge: Dodged            |    21 |     6 |    21 ||    48

Table legend: (Time is in decaauts)
 A = Elapsed time spent in this place.
 B = Non-inter-level travel time spent in this place.
 C = Inter-level travel time spent in this place.
 D = Time resting spent in this place.
 E = Time spent auto-exploring this place.
 F = Levels seen in this place.
 G = Mean time per level.
                   A        B        C        D        E       F      G
               +--------+--------+--------+--------+--------+-----+--------+
         Total |   6416 |   6322 |     94 |    168 |   5349 |   6 | 1069.3 |
       Dungeon |   6416 |   6322 |     94 |    168 |   5349 |   6 | 1069.3 |
               +--------+--------+--------+--------+--------+-----+--------+

Top non-repeatable levels by time:
     D:4: 1561 daAuts
     D:2: 1381 daAuts
     D:5: 1156 daAuts
     D:3: 1123 daAuts
     D:1: 998 daAuts
     D:6: 195 daAuts
